 Dungeon Crawl Stone Soup version 0.27.1 (webtiles) character file.

Game seed: 1269342350551273031

952 Araneus the Covert (level 8, -1/50 HPs)
             Began as an Octopode Brigand on Aug 21, 2021.
             Shot with an arrow by a centaur (14 damage)
             ... on level 5 of the Dungeon.
             The game lasted 00:17:24 (4611 turns).

Araneus the Covert (Octopode Brigand)               Turns: 4611, Time: 00:17:24

Health: -1/50      AC:  1    Str: 10 (11) XL:     8   Next: 14%
Magic:  8/8        EV: 14    Int: 11 (13) God:
Gold:   283        SH:  0    Dex: 13 (15) Spells: 7/7 levels left

rFire    . . .     SeeInvis .   q - +2 dagger (venom)
rCold    . . .     Faith    .   (no shield)
rNeg     + . .     Spirit   .   (helmet restricted)
rPois    .         Reflect  .   (no amulet)
rElec    .         Harm     .   i - ring of positive energy
rCorr    .         Rampage  .   (no ring)
Will     .....                  (no ring)
Stlth    +++++.....             (no ring)
HPRegen  0.16/turn              (no ring)
MPRegen  0.11/turn              (no ring)
                                (no ring)
                                (no ring)

@: no status effects
A: almost no armour, amphibious, 8 rings, camouflage 1, gelatinous body 1,
(nimble swimmer 1), tentacles
a: no special abilities


You were on level 5 of the Dungeon.
You visited 1 branch of the dungeon, and saw 5 of its levels.

You collected 283 gold pieces.

Inventory:

Hand Weapons
 q - a +2 dagger of venom (weapon)
Missiles
 b - 12 poisoned darts (quivered)
 c - 6 curare-tipped darts
Jewellery
 i - a ring of positive energy (left tentacle)
Scrolls
 a - a scroll of noise {unknown}
 d - a scroll of enchant weapon {unknown}
 e - 3 scrolls of identify {unknown}
 h - a scroll of magic mapping {unknown}
 k - 4 scrolls of immolation {unknown}
 l - 2 scrolls of silence {unknown}
Potions
 f - 2 potions of degeneration
 g - 2 potions of brilliance
 j - 2 potions of lignification


   Skills:
 - Level 2.0 Fighting
 + Level 7.2 Short Blades
 - Level 2.0 Throwing
 + Level 4.0 Dodging
 - Level 8.0 Stealth


You had 7 spell levels left.
You didn't know any spells.
Your spell library contained the following spells:

 Spells                   Type           Power      Damage    Failure   Level
 Animate Skeleton         Necr           0%         N/A       34%         1
 Apportation              Tloc           0%         N/A       34%         1
 Corona                   Hex            0%         N/A       34%         1
 Summon Small Mammal      Summ           0%         N/A       34%         1


Dungeon Overview and Level Annotations

Branches:
Dungeon (5/15)             Temple (0/1) D:5

Altars:
Elyvilon
Uskayaw

Shops:
D:3 (

Annotations:
D:3 3 runed translucent doors, lasso's ghost, amateur OpSu


Innate Abilities, Weirdness & Mutations

You cannot wear most types of armour.
You are amphibious.
You can wear up to eight rings at the same time.
Your skin changes colour to match your surroundings (Stealth+).
Your rubbery body absorbs attacks. (AC +1, EV +1)
((You are camouflaged near water. (Stealth+)))
You have tentacles for arms and can constrict up to eight enemies at once.


Message History

The ice beast hits you but does no damage.
You hit the ice beast.
The ice beast looks even sicker.
The ice beast is almost dead.
You hit the ice beast.
The ice beast looks as sick as possible!
The ice beast is almost dead.
You closely miss the ice beast.
The ice beast is almost dead.
The ice beast hits you but does no damage.
You barely miss the ice beast.
The ice beast is almost dead.
You barely miss the ice beast.
The ice beast is almost dead.
The ice beast hits you but does no damage.
You hit the ice beast but do no damage.
The ice beast is almost dead.
You kill the ice beast!
Your Dodging skill increases to level 4!
You start resting.
Your extra speed is starting to run out.
You start resting.
Your transformation is almost over.
You start resting.
You feel yourself slow down.
You start resting.
You feel a little less clever now.
You start resting.
You feel less wooden.
c - 6 curare-tipped darts (gained 3)
You now have 283 gold pieces (gained 14).
Found a barding.
m - a scroll labelled ZIOREN JAUREHU You start resting.
A centaur is nearby!
As you read the scroll labelled ZIOREN JAUREHU, it crumbles to dust.
It is a scroll of amnesia.
You feel forgetful for a moment.
The centaur shouts!
The centaur shoots an arrow.
The arrow hits you!
You die...

#[.###..#..###... #.....c#.......
###.....#......# #..............
##### .# .............†.###.#.###
# .# ............#...........###
# .##.............#.............#
##................#..>.....#....#
................@##..##.#..#....#
..#:....../.#.....#.##..##......#
..#.........###.........#..#...##
..#...........#....###..##.##....
†...................##.....#.....
...................†#..##.....<..
#..c...................####......
...................##..# #.#....
..#..n.............# ..# ####..#


You could see a centaur.

Vanquished Creatures
  Grinder (D:3)
  A necrophage (D:5)
  An ice beast (D:5)
  A phantom (D:4)
  A wyvern zombie (D:4)
  2 scorpions
  A bullfrog zombie (D:4)
  2 centaur skeletons (D:4)
  A jelly (D:4)
  An orc wizard (D:3)
  A hound skeleton (D:4)
  5 adders
  4 worms
  3 dart slugs
  8 orcs
  9 bats
  5 endoplasms
  5 giant cockroaches
  10 hobgoblins
  11 jackals
  3 quokkas (D:2)
  11 ball pythons
  4 frilled lizards
  6 goblins
  7 kobolds
  5 rats
109 creatures vanquished.

Notes
Turn   | Place    | Note
-------+----------+-------------------------------------------
     0 | D:1      | Araneus the Octopode Brigand began the quest for the Orb.
     0 | D:1      | Reached XP level 1. HP: 14/14 MP: 1/1
    56 | D:1      | Reached XP level 2. HP: 5/19 MP: 2/2
   465 | D:1      | Reached skill level 6 in Stealth
   745 | D:1      | Reached XP level 3. HP: 24/24 MP: 3/3
  1272 | D:2      | Found a faded altar of an unknown god.
  1331 | D:2      | Reached skill level 7 in Stealth
  1420 | D:2      | Reached XP level 4. HP: 23/29 MP: 4/4
  2068 | D:3      | Found a runed translucent gate.
  2068 | D:3      | Found a runed translucent gate.
  2070 | D:3      | Found a runed translucent gate.
  2071 | D:3      | Noticed lasso's ghost (amateur OpSu)
  2328 | D:3      | Noticed Grinder
  2330 | D:3      | Killed Grinder
  2331 | D:3      | Reached skill level 8 in Stealth
  2331 | D:3      | Reached XP level 5. HP: 34/34 MP: 5/5
  2331 | D:3      | Reached XP level 6. HP: 39/39 MP: 6/6
  2407 | D:3      | Reached skill level 5 in Short Blades
  2588 | D:3      | Found Leidory's Antique Weapon Emporium.
  2972 | D:4      | Reached XP level 7. HP: 45/45 MP: 7/7
  3278 | D:4      | Found a white marble altar of Elyvilon.
  3777 | D:4      | Found a hide-covered altar of Uskayaw.
  4196 | D:5      | Entered Level 5 of the Dungeon
  4241 | D:5      | Found a staircase to the Ecumenical Temple.
  4514 | D:5      | Reached XP level 8. HP: 30/50 MP: 8/8
  4611 | D:5      | Shot with an arrow by a centaur

Illustrated notes

Levels and vault maps discovered:
D:1:      dpeg_arrival_pits, layout_basic, minmay_misc_feat_iff
D:2:      layout_basic, ebering_ecumenical_altar_webs, st_stairs_2
D:3:      layout_basic, serial_shops, shop, ebering_ghost_rock_garden,
          uniq_grinder
D:4:      layout_cave_pods, mainiacjoe_overflow_catch_the_wave,
          minmay_misc_feat_doors, kennysheep_generic_room_10
D:5:      layout_cave_pools, minmay_temple_entry_tees

Skill      XL: |  1  2  3  4  5  6  7  8 |
---------------+-------------------------+-----
Stealth        | 6 7 8 |  8.0
Short Blades   | 4 5 7 |  7.2
Dodging        | 2 3 4 |  4.0
Fighting       | |  2.0
Throwing       | |  2.0

Action                   |  1- 3 |  4- 6 |  7- 9 || total
-------------------------+-------+-------+-------++-------
Melee: Dagger            |    70 |    63 |    89 ||   222
       Constrict         |    15 |    13 |    16 ||    44
       Tentacles         |    11 |    12 |    19 ||    42
Throw: Dart              |       |       |     6 ||     6
  Use: Potion            |       |       |     6 ||     6
       Scroll            |       |       |     1 ||     1
 Stab: Sleeping          |    20 |    22 |     8 ||    50
Armor: Skin              |    12 |     1 |    19 ||    32
Dodge: Dodged            |    32 |    22 |    42 ||    96
